 Dungeon Crawl Stone Soup version 0.18.1-48-g4cf74bf (webtiles) character file.

19686 rlgrobin the Covert (level 12, -9/105 HPs)
             Began as a Deep Elf Chaos Knight on Sept 6, 2016.
             Was a Priest of Nemelex Xobeh.
             Mangled by a death cob (30 damage)
             ... on level 1 of the Lair of Beasts.
             The game lasted 01:05:25 (18375 turns).

rlgrobin the Covert (Deep Elf Chaos Knight)        Turns: 18375, Time: 01:05:25

Health: -9/105     AC: 14    Str: 14      XL:     12   Next: 38%
Magic:  18/18      EV: 18    Int: 20      God:    Nemelex Xobeh [***...]
Gold:   520        SH:  8    Dex: 21 (22) Spells: 3 memorised, 5 levels left

rFire  + . .     SeeInvis .     a - +3 rapier of Esusmam {pierce, *Rage rF+ Dex+5 Stlth+}
rCold  + . .     Gourm    +     w - +2 leather armour
rNeg   . . .     Faith    .     p - +0 buckler
rPois  x         Spirit   .     G - +2 hat
rElec  .         Dismiss  .     q - +2 cloak
rCorr  .         Reflect  .     Q - +0 pair of gloves
SustAt .         Harm     .     Z - +0 pair of boots
MR     ++...     Rnd*Rage +     X - amulet of the gourmand
Stlth  ..........               F - ring of stealth
                                T - ring of protection from magic

@: berserking, poison vulnerable, slowed, very resistant to hostile
enchantments, extremely unstealthy
A: large bone plates 1, blurry vision 1, cold resistance 1, deterioration 1, low
mp 1
a: Triple Draw, Renounce Religion


You were on level 1 of the Lair of Beasts.
You worshipped Nemelex Xobeh.
Nemelex Xobeh was most pleased with you.
You were not hungry.

You visited 3 branches of the dungeon, and saw 13 of its levels.

You collected 772 gold pieces.
You spent 252 gold pieces at shops.

Inventory:

Hand Weapons
 a - the +3 rapier of Esusmam (weapon) {pierce, *Rage rF+ Dex+5 Stlth+}
   (You found it on level 5 of the Dungeon)

   It inflicts extra damage upon your enemies.
   It affects your dexterity (+5).
   It protects you from fire.
   It may make you go berserk in combat.
   It makes you more stealthy.
 b - a +0 blowgun
 x - a +0 short sword of chaos
 R - a +6 quick blade
Missiles
 h - 2 throwing nets
 t - 86 poisoned needles
 I - 7 javelins
 O - 3 curare-tipped needles
 S - 8 tomahawks (quivered)
Armour
 p - a +0 buckler (worn)
 q - a +2 cloak (worn)
 w - a +2 leather armour (worn)
 G - a +2 hat (worn)
 Q - a +0 pair of gloves (worn)
 Z - a +0 pair of boots (worn)
Jewellery
 E - an uncursed ring of see invisible
 F - a ring of stealth (right hand)
 T - a ring of protection from magic (left hand)
 X - an amulet of the gourmand (around neck)
Wands
 H - a wand of lightning (0/15)
 L - a wand of disintegration (5/24)
 M - a wand of random effects (20/48)
 N - a wand of polymorph (17/24)
 P - a wand of acid (7/15)
 Y - a wand of enslavement (5/24)
Scrolls
 m - a scroll of recharging
 B - a scroll of magic mapping
 C - 3 scrolls of remove curse
 K - a scroll of fog
 U - a scroll of blinking
Potions
 f - 6 potions of curing
 j - 2 potions of lignification {unknown}
 l - a potion of agility {unknown}
 o - 5 potions of flight
 r - 3 potions of brilliance
 u - 2 potions of degeneration {unknown}
 z - 3 potions of might
 A - a potion of cancellation
 J - a potion of ambrosia {unknown}
 V - a potion of invisibility {unknown}
Books
 d - a book of Fire

   Spells                             Type                      Level
   a - Ignite Poison                  Fire/Transmutation/Poison    3
   b - Fireball                       Conjuration/Fire             5
   c - Bolt of Fire                   Conjuration/Fire             6
   d - Delayed Fireball               Conjuration/Fire             7
   e - Ring of Flames                 Charms/Fire                  7
 s - a book of the Warp

   Spells                             Type                      Level
   a - Recall                         Summoning/Translocation      3
   b - Gell's Gravitas                Hexes/Translocation          3
   c - Force Lance                    Conjuration/Translocation    4
   d - Warp Weapon                    Charms/Translocation         5
   e - Summon Forest                  Summoning/Translocation      5
Miscellaneous
 e - a plain deck of war {god gift}
 v - a plain deck of destruction {drawn: 5} {god gift}
 y - a legendary deck of destruction {drawn: 9} {god gift}
Comestibles
 c - 3 bread rations
 i - 14 fruits
 k - 9 meat rations
 D - 8 slices of pizza


   Skills:
 - Level 6.0 Fighting
 - Level 10.0 Short Blades
 - Level 5.0 Throwing
 - Level 0.7 Armour
 - Level 7.6 Dodging
 - Level 10.6 Stealth
 - Level 5.1 Shields
 - Level 4.0 Spellcasting
 + Level 9.9 Hexes
 - Level 4.6 Summonings
 + Level 7.0 Evocations


You had 5 spell levels left.
You knew the following spells:

 Your Spells              Type           Power        Failure   Level  Hunger
a - Summon Mana Viper     Hex/Summ       ####....     24%         5    ######.
g - Confuse               Hex            #####...     1%          3    ###....
i - Invisibility          Hex            #####...     52%         6    #######


Dungeon Overview and Level Annotations

Branches:
Dungeon (11/15)            Temple (1/1) D:7            Lair (1/8) D:11
    Orc (0/2) D:10

Altars:
Ashenzari
Cheibriados
Dithmenos
Elyvilon
Fedhas
Gozag
Kikubaaqudgha
Makhleb
Nemelex Xobeh
Okawaru
Pakellas
Qazlal
Ru
Sif Muna
Trog
Xom
Yredelemnul
The Shining One

Shops:
D:6 *

Annotations:
D:5 1 runed door


Innate Abilities, Weirdness & Mutations

You are partially covered in large bone plates (AC +2, SH +2).
Scrolls take you a little longer to read.
Your flesh is cold resistant.
Your body sometimes deteriorates upon taking damage.
Your magical capacity is low (-10% MP).


Message History

You are no longer corroded.
The death cob closely misses you. The death cob hits you!
The death cob drains your vigour!
You feel yourself slow down. The death cob hits you.
The death cob drains your vigour!
You feel as though you will be slow longer.
Lightning arcs down from a storm cloud!
Unknown command.
You hit the death cob but do no damage.
The death cob is lightly damaged.
The death cob closely misses you. The death cob hits you!!
* * * LOW HITPOINT WARNING * * *
Your body deteriorates!
You feel clumsy. The death cob drains your vigour!
You feel as though you will be slow longer.
You hit the death cob but do no damage.
The death cob is lightly damaged.
The death cob hits you!!
You die...
Xom cackles wildly!
Your body disappears without a glow.

#### ### ###
###P.P######.########P######
#......§##..................
#...(.§.'.z@§§...#####.##P..
#J......##..§§...# #####..
###...####..§§§..# #.. ####
#....§..# #.. ..§..§...# #..
.....§.....+ #..
..............# #..
.............## ### #..
.............####..###..


You could see a death cob.

Vanquished Creatures
  A hydra (D:8)
  The ghost of dobroeutro the Carver, a novice HuFi of Okawaru (D:9)
  The ghost of appiemonkey the Ruffian, a novice TrCK of Xom (Lair:1)
  4 skeletal warriors
  2 hill giants (D:10)
  The ghost of Biblin the Arsonist, a novice GrFE of Vehumet (D:7)
  Maurice (D:9)
  2 komodo dragons (Lair:1)
  A spiny frog (Lair:1)
  Prince Ribbit (D:5)
  Sigmund (D:2)
  A spriggan (D:9)
  4 yaks
  3 hippogriffs
  A steam dragon (D:11)
  4 wolves (Lair:1)
  Menkaure (D:5)
  A hungry ghost (D:10)
  A mottled dragon (D:11)
  A soldier ant (Lair:1)
  3 porcupines (Lair:1)
  3 water moccasins
  10 orc warriors
  3 ice beasts
  2 sky beasts
  4 phantoms
  4 black bears
  2 eyes of draining (D:8)
  10 ogres
  2 wasps
  6 centaurs
  4 crocodiles
  7 big kobolds
  Blork the orc (D:5)
  13 giant frogs
  A wyvern zombie (D:10)
  A big kobold (shapeshifter) (D:10)
  A gnoll sergeant (D:6)
  3 scorpions
  A wyvern skeleton (D:11)
  12 killer bees
  10 wights
  A howler monkey (D:11)
  2 crimson imps
  A quasit (D:9)
  A giant frog zombie (D:6)
  A wasp zombie (D:8)
  8 hounds
  10 orc priests
  3 centaur skeletons
  Crazy Yiuf (D:2)
  8 jellies
  11 orc wizards
  2 giant frog skeletons
  7 iguanas
  Ijyb (D:2)
  A hell rat (D:9)
  11 worker ants
  3 sheep
  2 hound skeletons
  A howler monkey zombie (D:11)
  2 worker ant zombies
  A howler monkey skeleton (D:10)
  12 adders
  7 river rats (Lair:1)
  A shadow imp (D:10)
  21 oozes
  2 adder skeletons
  2 worms
  7 dart slugs
  7 giant geckos
  84 orcs
  8 giant cockroaches
  4 goblins
  10 hobgoblins
  6 jackals
  24 kobolds
  5 quokkas
  A ball python (D:2)
  A ball python zombie (D:6)
  13 bats
  2 giant gecko skeletons
  7 giant newts
  A jackal zombie (D:5)
  4 rats
  A fungus (D:2)
  2 plants (D:11)
446 creatures vanquished.

Vanquished Creatures (collateral kills)
  A skeletal warrior (D:11)
  A hill giant (D:10)
  A wasp (D:11)
3 creatures vanquished.

Vanquished Creatures (others)
  A ball lightning (D:4)
  2 wolves (Lair:1)
  An adder (D:2)
  A kobold (D:11)
  3 fungi (Lair:1)
8 creatures vanquished.

Grand Total: 457 creatures vanquished

Notes
Turn   | Place    | Note
--------------------------------------------------------------
     0 | D:1      | rlgrobin the Deep Elf Chaos Knight began the quest for the Orb.
     0 | D:1      | Reached XP level 1. HP: 13/13 MP: 3/3
    44 | D:1      | XOM: divination: detect items
   123 | D:1      | XOM: silly message
   194 | D:1      | Reached XP level 2. HP: 18/18 MP: 4/4
   336 | D:1      | Reached skill level 1 in Stealth
   336 | D:1      | Reached XP level 3. HP: 10/22 MP: 5/5
   400 | D:1      | XOM: divination: detect creatures
   509 | D:1      | XOM: harmless Divn miscast
  1329 | D:1      | XOM: divination: detect creatures
  1462 | D:2      | XOM: potion effect (brilliance)
  1487 | D:2      | XOM: silly message
  1734 | D:2      | Reached XP level 4. HP: 27/27 MP: 6/6
  1754 | D:2      | Reached skill level 1 in Throwing
  1765 | D:2      | XOM: harmless Ice miscast
  1909 | D:2      | Found a shadowy altar of Dithmenos.
  1909 | D:2      | Found a snail-covered altar of Cheibriados.
  1910 | D:2      | Found an oddly glowing altar of Pakellas.
  1986 | D:2      | Noticed Sigmund
  2005 | D:2      | Found a shattered altar of Ashenzari.
  2045 | D:2      | XOM: harmless Necr miscast
  2050 | D:2      | Noticed Ijyb
  2077 | D:2      | Killed Ijyb
  2294 | D:2      | XOM: scenery: create altars
  2303 | D:2      | XOM: divine lightning (protected)
  2467 | D:2      | XOM: give mutations
  2467 | D:2      | Gained mutation: You are partially covered in large bone plates (AC +2, SH +2). [Xom's grace]
  2467 | D:2      | Gained mutation: Your flesh is cold resistant. [Xom's grace]
  2793 | D:2      | damn son
  3064 | D:2      | XOM: vitrification
  3097 | D:2      | Noticed Crazy Yiuf
  3117 | D:2      | Killed Crazy Yiuf
  3117 | D:2      | Reached skill level 1 in Evocations
  3117 | D:2      | Reached XP level 5. HP: 26/31 MP: 6/8
  3181 | D:2      | XOM: divine lightning (protected)
  3256 | D:2      | Killed Sigmund
  3501 | D:3      | XOM: 4-stop teleportation journey
  3577 | D:3      | Found an ancient bone altar of Kikubaaqudgha.
  3577 | D:3      | Found a blossoming altar of Fedhas.
  3629 | D:3      | Found a white marble altar of Elyvilon.
  3691 | D:3      | XOM: scenery: create altars
  3871 | D:3      | Found a basalt altar of Yredelemnul.
  4088 | D:4      | Noticed an ogre
  4103 | D:4      | XOM: butterfly on damage
  4281 | D:4      | Found an iron altar of Okawaru.
  4312 | D:4      | Noticed a phantom
  4321 | D:4      | XOM: cast spell 'Dispersal'
  4514 | D:4      | XOM: butterfly on damage
  4776 | D:4      | Reached XP level 6. HP: 36/36 MP: 10/10
  4831 | D:4      | XOM: god gift: 66 gold pieces
  4853 | D:4      | XOM: colour smoke trail
  5059 | D:4      | XOM: confuse monster(s)
  5102 | D:4      | XOM: cast spell 'Conjure Ball Lightning'
  5115 | D:4      | XOM: swap monsters
  5466 | D:4      | Found a stormy altar of Qazlal.
  5669 | D:4      | Reached skill level 5 in Evocations
  5669 | D:4      | Reached XP level 7. HP: 32/40 MP: 12/12
  5865 | D:4      | XOM: scenery: 1 doors close
  6090 | D:5      | Entered Level 5 of the Dungeon
  6206 | D:5      | Found a runed door.
  6345 | D:5      | XOM: mild Erth miscast
  6433 | D:5      | Got a transparent rapier
  6434 | D:5      | dont suckl
  6434 | D:5      | Identified the cursed +3 rapier of Esusmam {pierce, *Rage rF+ Dex+5 Stlth+} (You found it on level 5 of the Dungeon)
  6540 | D:5      | Noticed Blork the orc
  6553 | D:5      | Killed Blork the orc
  6688 | D:5      | Noticed Menkaure
  6690 | D:5      | Killed Menkaure
  6690 | D:5      | Reached skill level 5 in Short Blades
  6690 | D:5      | Reached XP level 8. HP: 46/46 MP: 13/13
  6747 | D:5      | Noticed Prince Ribbit
  6751 | D:5      | Killed Prince Ribbit
  6762 | D:5      | XOM: colour smoke trail
  6837 | D:5      | Reached skill level 5 in Stealth
  6891 | D:5      | XOM: harmless Tloc miscast
  7002 | D:5      | XOM: harmless Trmt miscast
  7062 | D:5      | Found a runed door.
  7253 | D:6      | Found Zyuwoch's Assorted Antiques.
  7256 | D:6      | Bought a scroll of identify for 42 gold pieces
  7256 | D:6      | Bought a copper wand for 84 gold pieces
  7256 | D:6      | Bought a scroll of identify for 42 gold pieces
  7256 | D:6      | Bought a brass wand for 84 gold pieces
  7366 | D:6      | XOM: harmless Fire miscast
  7432 | D:6      | XOM: smoke on damage
  7538 | D:6      | XOM: summons friendly crimson imp
  7580 | D:6      | XOM: potion effect (curing)
  7583 | D:6      | Reached XP level 9. HP: 50/50 MP: 14/14
  7769 | D:6      | XOM: summons 1 hostile demon
  7853 | D:7      | Found an opulent altar of Gozag.
  7900 | D:7      | Identified 3 scrolls of acquirement
  8018 | D:7      | XOM: draining
  8024 | D:7      | XOM: summons 1 hostile demon
  8374 | D:7      | Reached skill level 10 in Stealth
  8743 | D:7      | Noticed Biblin's ghost (novice GrFE)
  8743 | D:7      | XOM: confusion (+ monsters)
  8934 | D:7      | Found a staircase to the Ecumenical Temple.
  8995 | D:7      | XOM: potion effect (agility)
  9001 | D:7      | XOM: enchant monster (bad)
  9012 | D:7      | Killed Biblin's ghost
  9169 | Temple   | Entered the Ecumenical Temple
  9195 | Temple   | Fell from the grace of Xom
  9195 | Temple   | Became a worshipper of Nemelex Xobeh the Trickster
  9242 | D:7      | Found a glowing golden altar of the Shining One.
  9398 | D:8      | XOM: mild Chrm miscast
  9427 | D:8      | Received a gift from Nemelex Xobeh
  9531 | D:8      | Reached XP level 10. HP: 56/56 MP: 15/15
  9777 | D:8      | XOM: summons 14 hostile demons
  9778 | D:8      | Noticed a sixfirhy
  9778 | D:8      | xom no
  9893 | D:8      | Reached skill level 10 in Short Blades
  9981 | D:8      | Noticed a two-headed hydra
  9985 | D:8      | Killed a two-headed hydra
  9985 | D:8      | Reached skill level 5 in Dodging
 10675 | D:8      | XOM: mild Conj miscast
 10768 | D:8      | Reached skill level 5 in Fighting
 10900 | D:8      | Reached * piety under Nemelex Xobeh
 11258 | D:8      | Found a bloodstained altar of Trog.
 11551 | D:8      | XOM: give mutations
 11551 | D:8      | Gained mutation: Your body sometimes deteriorates upon taking damage. [Xom's mischief]
 11551 | D:8      | Gained mutation: You are clumsy. (Dex -2) [Xom's mischief]
 11551 | D:8      | Lost mutation: Your body sometimes deteriorates upon taking damage. [Xom's mischief]
 11567 | D:8      | XOM: mild Divn miscast
 11909 | D:9      | Received a gift from Nemelex Xobeh
 11952 | D:9      | XOM: give mutations
 11952 | D:9      | Gained mutation: Your body sometimes deteriorates upon taking damage. [Xom's mischief]
 11952 | D:9      | Gained mutation: Scrolls take you a little longer to read. [Xom's mischief]
 11952 | D:9      | Gained mutation: Your magical capacity is low (-10% MP). [Xom's mischief]
 11952 | D:9      | Lost mutation: You are clumsy. (Dex -2) [Xom's mischief]
 11953 | D:9      | xom no
 12036 | D:9      | Found a deep blue altar of Sif Muna.
 12142 | D:9      | Learned a level 3 spell: Confuse
 12191 | D:9      | Reached skill level 1 in Hexes
 12293 | D:9      | Noticed dobroeutro's ghost (novice HuFi)
 12319 | D:9      | Killed dobroeutro's ghost
 12319 | D:9      | Reached skill level 5 in Hexes
 12469 | D:9      | XOM: noise
 12722 | D:9      | Reached ** piety under Nemelex Xobeh
 12751 | D:9      | Reached skill level 1 in Spellcasting
 12751 | D:9      | Reached XP level 11. HP: 64/64 MP: 15/15
 12779 | D:9      | Noticed Maurice
 12788 | D:9      | Killed Maurice
 12876 | D:10     | Entered Level 10 of the Dungeon
 12876 | D:10     | Noticed a hill giant
 12878 | D:10     | Killed a hill giant
 13381 | D:10     | XOM: severe Pois miscast
 13399 | D:10     | Noticed a hill giant
 13407 | D:10     | Killed a hill giant
 13495 | D:9      | XOM: medium Necr miscast
 13516 | D:9      | XOM: mild Trmt miscast
 13692 | D:10     | Noticed a hill giant
 14366 | D:10     | Received a gift from Nemelex Xobeh
 14464 | D:10     | Reached skill level 5 in Throwing
 14528 | D:10     | Learned a level 5 spell: Summon Mana Viper
 14580 | D:10     | Reached skill level 1 in Summonings
 14976 | D:10     | Found a staircase to the Orcish Mines.
 15074 | D:10     | Killed a hill giant
 15532 | D:8      | Learned a level 6 spell: Invisibility
 15584 | D:11     | XOM: mild Chrm miscast
 15682 | D:11     | Reached skill level 1 in Shields
 15727 | D:11     | Found a staircase to the Lair.
 15914 | D:11     | Noticed a skeletal warrior
 15915 | D:11     | Noticed a skeletal warrior
 15915 | D:11     | Noticed a skeletal warrior
 15915 | D:11     | Noticed a skeletal warrior
 16095 | D:10     | Killed a skeletal warrior
 16408 | D:11     | Killed a skeletal warrior
 16424 | D:11     | Killed a skeletal warrior
 16576 | D:11     | Noticed a skeletal warrior
 16576 | D:11     | Killed a skeletal warrior
 16576 | D:11     | Reached XP level 12. HP: 70/70 MP: 18/18
 16588 | D:11     | Reached skill level 5 in Shields
 16774 | D:11     | XOM: mild Trmt miscast
 17177 | Lair:1   | Entered Level 1 of the Lair of Beasts
 17180 | Lair:1   | Noticed appiemonkey's ghost (novice TrCK)
 17197 | Lair:1   | Killed appiemonkey's ghost
 17234 | Lair:1   | Received a gift from Nemelex Xobeh
 17301 | Lair:1   | Reached *** piety under Nemelex Xobeh
 17339 | Lair:1   | XOM: noise
 17698 | Lair:1   | XOM: medium Hex miscast
 17913 | Lair:1   | XOM: divination: detect creatures
 17937 | Lair:1   | XOM: mild Divn miscast
 18009 | Lair:1   | XOM: medium Air miscast
 18084 | Lair:1   | Received a gift from Nemelex Xobeh
 18366 | Lair:1   | Noticed a death cob
 18366 | Lair:1   | an oklob plant changed into a death cob
 18375 | Lair:1   | Mangled by a death cob

Skill      XL: |  1  2  3  4  5  6  7  8  9 10 11 12 |
---------------+-------------------------------------+-----
Short Blades   | 4 5 6 9 10 | 10.0
Stealth        | 1 2 3 4 8 10 | 10.6
Throwing       | 1 2 4 5 |  5.0
Dodging        | 3 4 6 7 |  7.6
Evocations     | 1 3 5 7 |  7.0
Fighting       | 3 5 6 |  6.0
Hexes          | 5 8 9 |  9.9
Spellcasting   | 1 4 |  4.0
Summonings     | 4 |  4.6
Shields        | 4 5 |  5.1
Armour         | |  0.7

Action                   |  1- 3 |  4- 6 |  7- 9 | 10-12 || total
-------------------------+-------+-------+-------+-------++-------
Melee: Short sword       |   135 |   264 |    42 |    47 ||   488
       Dagger            |       |     3 |       |       ||     3
       Rapier            |       |       |   243 |   880 ||  1123
       Quick blade       |       |       |    44 |       ||    44
 Fire: Blowgun           |       |       |       |    19 ||    19
Throw: Stone             |    36 |    75 |    35 |     2 ||   148
       Javelin           |       |    12 |    24 |    28 ||    64
       Tomahawk          |       |       |       |    82 ||    82
 Cast: Confuse           |       |       |       |    35 ||    35
Evoke: Wand              |       |    17 |    13 |    29 ||    59
       Deck              |       |       |       |    30 ||    30
  Use: Scroll            |       |     8 |    12 |    10 ||    30
       Potion            |       |     1 |       |     5 ||     6
 Stab: Sleeping          |     2 |     6 |    18 |    34 ||    60
       Paralysed         |       |     2 |     1 |     2 ||     5
       Confused          |       |     8 |     5 |    13 ||    26
       Distracted        |       |       |       |     6 ||     6
  Eat: Chunk             |     2 |     4 |    17 |    58 ||    81
       Fruit             |     1 |     2 |     1 |     3 ||     7
       Bread ration      |       |     1 |       |     1 ||     2
       Beef jerky        |       |     1 |       |     1 ||     2
Armor: Leather armour    |    55 |    60 |    64 |   207 ||   386
Dodge: Dodged            |    84 |   119 |   156 |   560 ||   919
Block: Other             |       |     6 |    22 |    41 ||    69
       Buckler           |       |       |       |    71 ||    71
